 Dungeon Crawl Stone Soup version 0.29.1-2-gbd0b4ee654 (webtiles) character file.

Game seed: 17700641065942236141

22 MacCMillion the Shield-Bearer (level 2, -3/16 HPs)
             Began as a Vine Stalker Fighter on Nov 25, 2022.
             Killed from afar by Terence (5 damage)
             ... with a puff of flame
             ... on level 2 of the Dungeon.
             The game lasted 00:02:20 (1368 turns).

MacCMillion the Shield-Bearer (VSFi)                Turns: 1368, Time: 00:02:20

Health: -3/16      AC:  6    Str: 18    XL:     2   Next: 91%
Magic:  0/3        EV:  9    Int:  8    God:
Gold:   90         SH:  4    Dex: 13    Spells: 1/1 levels left

rFire   . . .      SeeInvis .   a - +0 rapier
rCold   . . .      Faith    .   c - +0 buckler
rNeg    . . .      Spirit   +   b - +0 scale mail
rPois   .          Reflect  .   (no helmet)
rElec   .          Harm     .   (no cloak)
rCorr   .          Rampage  .   (no gloves)
Will    .....                   (no boots)
Stlth   ..........              (no amulet)
HPRegen 0.05/turn               (no ring)
MPRegen 0.08/turn               (no ring)

@: lethally poisoned (-3 -> -7)
A: fangs 2, magic shield, antimagic bite, no potion heal 2
a: no special abilities


You were on level 2 of the Dungeon.
You visited 1 branch of the dungeon, and saw 2 of its levels.

You collected 90 gold pieces.

Inventory:

Hand Weapons
 a - a +0 rapier (weapon)
Armour
 b - a +0 scale mail (worn)
 c - a +0 buckler (worn)
Scrolls
 e - 2 scrolls of noise {unknown}
 g - a scroll of amnesia {unknown}
 h - a scroll of torment {unknown}
 i - a scroll of fog {unknown}
Potions
 d - a potion of might
 f - a potion of magic {unknown}


   Skills:
 + Level 3.2 Fighting
 - Level 1.7 Short Blades
 - Level 2.4 Armour
 + Level 3.2 Shields


You had one spell level left.
You didn't know any spells.
Your spell library contained the following spells:

 Spells                   Type           Power      Damage    Failure   Level
 Sandblast                Erth           0%         2d4       88%         1
 Passwall                 Tmut/Erth      0%         N/A       95%         2
 Stone Arrow              Conj/Erth      0%         3d7       99%         3


Dungeon Overview and Level Annotations

Branches:
Dungeon (2/15)

Altars:

Annotations:
D:2 Terence


Innate Abilities, Weirdness & Mutations

You have extremely sharp teeth.
When hurt, damage is shared between your health and your magic reserves.
Your bite disrupts and absorbs the magic of your enemies.
Potions cannot restore your health.


Message History

Things that are here:
a +0 dagger; 5 stones You pick up a book of Geomancy and begin reading...
You add the spells Sandblast, Passwall and Stone Arrow to your library.
Found a dagger.
A bat comes into view.
The bat hits you but does no damage.
You hit the bat but do no damage. You bite the bat. You drain its power.
The bat is severely wounded.
The bat closely misses you. The bat barely misses you.
You hit the bat.
You kill the bat!
Terence the Incautious comes into view.
He is wielding a +2 vorpal flail and carrying a wand of flame (20).
The adder hisses angrily.
The adder bites you but does no damage. The adder barely misses you.
The adder bites you but does no damage.
Terence zaps a wand.
The puff of flame hits you! The adder attacks as you move away!
The adder bites you.
You are poisoned.
The adder poisons you!
You feel sick.
Terence asks, "Do you want it fast or slow?"
You barely miss the adder. Your bite misses the adder.
You feel sick.
The adder bites you but does no damage. x2
You hit the adder.
The adder is heavily wounded.
You feel sick. The adder bites you but does no damage.
You miss the adder.
The adder is heavily wounded.
You feel sick.
You are no longer poisoned.
The adder bites you.
* * * LOW HITPOINT WARNING * * *
The adder barely misses you. Terence barely misses you.
You hit the adder.
The adder is severely wounded.
The adder bites you.
* * * LOW HITPOINT WARNING * * *
You are lethally poisoned!
The adder poisons you!
Terence zaps a wand.
The puff of flame hits you.
You die...

## #.......##. ...#
#.......... #...#<......#
#.........# ##........#
##..[....# #######.......##
...^..................####.#
..............@.............
.)...........@S.)..######...
.......#######..#.........
.....# #..#####(..... ...#
#.## ####.. #.######.#
#....@...# ##.†.....#
#.......#


You could see Terence and an adder.

Vanquished Creatures
  A worm (D:1)
  3 ball pythons
  3 bats
  3 endoplasms
  2 goblins (D:1)
  A hobgoblin (D:1)
  2 quokkas
  A frilled lizard (D:1)
  A kobold (D:2)
17 creatures vanquished.

Notes
Turn   | Place    | Note
-------+----------+-------------------------------------------
     0 | D:1      | MacCMillion the Vine Stalker Fighter began the quest for
                  | the Orb.
     0 | D:1      | Reached XP level 1. HP: 11/11 MP: 2/2
   543 | D:1      | Reached XP level 2. HP: 16/16 MP: 3/3
  1352 | D:2      | Noticed Terence
  1368 | D:2      | Killed from afar by Terence

Illustrated notes

Levels and vault maps discovered:
D:1:      amcnicky_arrival_choice, layout_loops_corners,
          minmay_misc_feat_secret_circle
D:2:      layout_rooms, eino_tiny_chamber, uniq_terence, uniq_robin

Skill      XL: |  1 |
---------------+----+-----
Fighting       | 3 |  3.2
Shields        | 3 |  3.2
Short Blades   | |  1.7
Armour         | |  2.4

Action                   || total
-------------------------++-------
Melee: Rapier            ||    48
       Bite              ||     8
Armor: Scale mail        ||    24
Dodge: Dodged            ||    26
Block: Buckler           ||    16
